AoeStats
← Big Tiozao

Arena

510140107Analyzed
4v4 RM · 19h ago on Sep 29, 2026· 45m 28s· 8 players
Game mode
Random Map
Map size
Large (8 player)
Population
200
Speed
Normal
Resources
Standard
Victory
Conquest
Starting age
Dark Age
Ending age
Imperial Age
RankedLock teamsTeams togetherTeam positionsShared explorationLock speedFull tech treeHidden civsTurbo modeCheats
Victory
Defeat
🇩🇰 Persians · Denmark
988
+16
🇧🇷 Maya · Brazil
939
+18
🇦🇿 Spanish · Azerbaijan
897
+20
🇮🇳 Inca · India
893
+33
🇨🇴 Portuguese · Colombia
1000
-19
🇨🇴 Goths · Colombia
1000
-19
🇮🇹 Romans · Italy
986
-50
🇨🇴 Bohemians · Colombia
955
-17
manick0508
14:26 Feudal Age
26:21 Castle Age
27:10 Horse Collar
30:35 Heavy Plow
34:39 Double-Bit Axe
37:09 Pikeman
luismjchan
10:48 Feudal Age
11:29 Double-Bit Axe
11:27 Horse Collar
13:12 Loom
19:18 Castle Age
20:17 Bow Saw
22:03 Padded Archer Armor
25:20 Chemistry
29:09 Imperial Age
28:26 Pikeman
30:07 Forging
30:13 Leather Archer Armor
30:44 Wheelbarrow
31:47 Scale Mail Armor
32:03 Squires
33:32 Iron Casting
34:12 Two-Man Saw
33:17 Town Watch
35:33 Chain Mail Armor
34:42 Halberdier
37:14 Ballistics
38:48 Blast Furnace
38:19 Plate Mail Armor
39:52 Ring Archer Armor
39:40 Masonry
40:29 Hand Cart
40:17 Elite Skirmisher
40:56 Fletching
Drakefire0918
11:11 Feudal Age
11:43 Double-Bit Axe
11:40 Horse Collar
12:51 Wheelbarrow
12:02 Loom
13:10 Wheelbarrow
18:42 Castle Age
20:05 Scale Mail Armor
20:15 Forging
20:06 Scale Mail Armor
21:10 Bow Saw
24:20 Heavy Plow
26:26 Gold Mining
26:26 Stone Mining
30:01 Hand Cart
30:15 Chain Mail Armor
30:35 Iron Casting
33:23 Imperial Age
31:53 Anarchy
32:31 Pikeman
33:15 Squires
34:08 Elite Huskarl
35:10 Conscription
34:50 Perfusion
39:41 Blast Furnace
Morcota
10:51 Feudal Age
12:52 Feudal Age
17:44 Castle Age
15:58 Double-Bit Axe
16:00 Horse Collar
17:07 Wheelbarrow
17:17 Wheelbarrow
17:38 Fletching
18:03 Padded Archer Armor
19:21 Town Watch
20:37 Stone Mining
27:12 Thumb Ring
28:30 Bodkin Arrow
28:51 Leather Archer Armor
28:46 Crossbowman
32:05 Hand Cart
31:34 Man-at-Arms
Donp4ppa
10:54 Feudal Age
14:44 Castle Age
13:26 Double-Bit Axe
13:23 Horse Collar
17:39 Heavy Plow
20:04 Stone Mining
21:21 Wheelbarrow
23:48 Hand Cart
23:18 Town Watch
24:03 Bow Saw
25:58 Gold Mining
26:45 Stone Shaft Mining
27:39 Gold Shaft Mining
30:09 Imperial Age
28:06 Scale Barding Armor
28:12 Forging
28:09 Loom
28:25 Town Patrol
29:59 Kamandaran
30:30 Chain Barding Armor
30:46 Iron Casting
30:36 Ballistics
30:28 Masonry
31:02 Crop Rotation
31:36 Two-Man Saw
31:29 Conscription
32:20 Plate Barding Armor
31:18 Elite War Elephant
32:33 Hoardings
34:47 Blast Furnace
33:47 Padded Archer Armor
33:38 Fletching
35:11 Chemistry
34:08 Murder Holes
34:23 Thumb Ring
33:38 Crossbowman
34:25 Caravan
37:06 Leather Archer Armor
36:46 Bodkin Arrow
39:03 Ring Archer Armor
40:34 Scale Mail Armor
41:09 Architecture
44:07 Chain Mail Armor
Russia05
6:54 Loom
10:40 Feudal Age
16:56 Castle Age
15:08 Stone Mining
15:48 Double-Bit Axe
16:07 Horse Collar
21:50 Fervor
24:10 Scale Barding Armor
24:15 Forging
29:59 Sanctity
32:48 Imperial Age
30:56 Wheelbarrow
30:08 Loom
31:21 Bow Saw
31:13 Heavy Plow
31:05 Gold Mining
31:50 Stone Shaft Mining
31:11 Fletching
32:47 Chain Barding Armor
32:47 Bloodlines
33:56 Conscription
33:44 Inquisition
34:26 Plate Barding Armor
34:27 Iron Casting
34:21 Ballistics
35:14 Chemistry
34:26 Masonry
36:45 Light Cavalry
37:31 Murder Holes
39:04 Blast Furnace
39:50 Scale Mail Armor
39:46 Bodkin Arrow
39:52 Padded Archer Armor
40:11 Guilds
40:03 Caravan
40:33 Coinage
41:50 Hoardings
46:21 Two-Man Saw
Big Tiozao
10:52 Feudal Age
16:01 Castle Age
14:37 Double-Bit Axe
14:34 Horse Collar
14:56 Loom
15:47 Wheelbarrow
15:33 Stone Mining
16:04 Gold Mining
18:53 Fletching
19:03 Padded Archer Armor
20:22 Bow Saw
26:26 Ballistics
30:22 Bodkin Arrow
30:42 Leather Archer Armor
31:49 Hand Cart
35:57 Imperial Age
34:28 Town Watch
34:29 Treadmill Crane
34:44 Murder Holes
35:01 Masonry
35:45 Heavy Plow
36:44 Elite Plumed Archer
39:27 Chemistry
39:26 Stone Shaft Mining
39:49 Bracer
40:19 Ring Archer Armor
40:49 Conscription
41:29 Crop Rotation
42:02 Two-Man Saw
41:14 Town Patrol
41:48 Ring Archer Armor
42:52 Forging
42:42 Scale Mail Armor
Mogami
11:00 Feudal Age
15:10 Castle Age
13:05 Horse Collar
13:32 Double-Bit Axe
16:22 Loom
20:49 Town Watch
21:10 Gold Mining
22:49 Wheelbarrow
22:47 Fletching
27:11 Imperial Age
24:51 Bodkin Arrow
26:07 Scale Mail Armor
26:18 Forging
26:53 Heavy Plow
27:07 Bow Saw
26:48 Stone Mining
27:13 Squires
28:27 Hand Cart
28:07 Arson
29:24 Chain Mail Armor
29:20 Forging
29:34 Bracer
31:08 Plate Mail Armor
31:19 Crop Rotation
31:55 Iron Casting
33:18 Conscription
33:46 Fortified Wall
34:44 Gold Shaft Mining
36:10 Blast Furnace
34:47 Elite Kamayuk
37:23 Ballistics
38:03 Chemistry
37:14 Masonry
36:44 Treadmill Crane
37:47 Stone Shaft Mining
41:12 Fabric Shields
42:17 Murder Holes
45:05 Siege Engineers
45:21 Thumb Ring
Connection lost

Rejoining the realm…

Still unreachable

The connection could not be restored.

Session expired

The server has moved on; the page needs a fresh start.